 Dungeon Crawl Stone Soup version 0.22-a0-231-g1b571ea (webtiles) character file.

123 tidbits the Skirmisher (level 5, -1/47 HPs)
             Began as a Gnoll Wanderer on Feb 20, 2018.
             Slain by an iguana (8 damage)
             ... on level 3 of the Dungeon.
             The game lasted 00:06:19 (798 turns).

tidbits the Skirmisher (Gnoll Wanderer)              Turns: 798, Time: 00:06:20

Health: -1/47      AC:  2    Str: 16    XL:     5   Next: 7%
Magic:  8/9        EV: 12    Int: 15    God:
Gold:   101        SH:  0    Dex: 13    Spells: 9/10 levels left

rFire    . . .     SeeInvis .   a - +0 mace
rCold    . . .     Gourm    .   (no shield)
rNeg     . . .     Faith    .   B - +0 robe
rPois    .         Spirit   .   (no helmet)
rElec    .         Reflect  .   (no cloak)
rCorr    .         Harm     .   (no gloves)
MR       .....                  (boots currently unavailable)
Stlth    ++........             (no amulet)
HPRegen  0.15/turn              (no ring)
MPRegen  0.11/turn              (no ring)

@: lethally poisoned (-1 -> -7), appendage
A: distributed training, fangs 1, talons 3, strong nose
a: End Transformation


You were on level 3 of the Dungeon.
You were not hungry.
You had grown temporary talons.
You visited 1 branch of the dungeon, and saw 5 of its levels.

You collected 101 gold pieces.

Inventory:

Hand Weapons
 a - a +0 mace (weapon)
 b - a +2 blowgun
 n - a +0 dagger
Missiles
 d - 2 curare-tipped needles
 e - 51 stones (quivered)
 r - 22 sling bullets
Armour
 l - a +0 scale mail
 B - a +0 robe (worn)
Scrolls
 g - 5 scrolls of identify {unknown}
 h - a scroll of random uselessness {unknown}
 m - a scroll of fog {unknown}
 o - a scroll of amnesia {unknown}
 q - a scroll of fear {unknown}
 s - a scroll of enchant weapon {unknown}
Potions
 f - a potion of heal wounds
 i - a potion of mutation {unknown}
 j - a potion of magic {unknown}
 p - a potion of agility {unknown}
Comestibles
 c - 3 rations


   Skills:
 + Level 6.6 Fighting
 + Level 1.3 Short Blades
 + Level 1.3 Long Blades
 + Level 1.3 Axes
 + Level 1.3 Maces & Flails
 + Level 1.3 Polearms
 + Level 1.3 Staves
 + Level 1.3 Slings
 + Level 1.3 Bows
 + Level 1.3 Crossbows
 + Level 2.8 Throwing
 + Level 1.3 Armour
 + Level 1.3 Dodging
 + Level 1.3 Stealth
 + Level 2.8 Shields
 + Level 1.3 Unarmed Combat
 + Level 3.1 Spellcasting
 + Level 1.0 Conjurations
 + Level 1.0 Hexes
 + Level 1.0 Charms
 + Level 1.0 Summonings
 + Level 1.0 Necromancy
 + Level 1.0 Translocations
 + Level 5.5 Transmutations
 + Level 1.0 Fire Magic
 + Level 1.0 Ice Magic
 + Level 1.0 Air Magic
 + Level 1.0 Earth Magic
 + Level 2.3 Poison Magic
 + Level 1.4 Invocations
 + Level 1.3 Evocations


You had 9 spell levels left.
You knew the following spells:

 Your Spells              Type           Power        Failure   Level  Hunger
e - Beastly Appendage     Tmut           ###...       1%          1    #......


Dungeon Overview and Level Annotations

Branches:
Dungeon (5/15)
 Temple: D:4-7

Altars:
Elyvilon
Nemelex Xobeh


Innate Abilities, Weirdness & Mutations

Your experience applies equally to all skills.
You have very sharp teeth.
Your uncanny sense of smell can sniff out nearby items.
You have claws for feet.


Message History

Your Translocations skill increases to level 1!
Your Fire Magic skill increases to level 1!
Your Ice Magic skill increases to level 1!
Your Air Magic skill increases to level 1!
Your Earth Magic skill increases to level 1!
An iguana and an adder come into view.
Your transformation is almost over.
Throwing (i - inventory. (/) - cycle)
k - 6 javelins of penetration (quivered)
Press: ? - help, Shift-Dir - straight line, f - adder
Aim: an adder (hasn't noticed you)
You throw a javelin of penetration. The adder hisses angrily.
The javelin of penetration pierces through the adder.
The adder is moderately wounded.
The javelin of penetration pierces through the adder.
The adder is heavily wounded.
Throwing (i - inventory. (/) - cycle)
k - 5 javelins of penetration (quivered)
Press: ? - help, Shift-Dir - straight line, f/p - adder
Aim: an adder (heavily wounded)
You throw a javelin of penetration.
The javelin of penetration pierces through the adder!
The adder is almost dead.
The javelin of penetration pierces through the adder but does no damage.
The adder is heavily wounded.
The adder bites you.
An orc comes into view. It is wielding a long sword of slicing.
Throwing (i - inventory. (/) - cycle)
k - 4 javelins of penetration (quivered)
Press: ? - help, Shift-Dir - straight line, f - orc, p - adder
Aim: an orc, wielding a long sword of slicing and wearing a leather armour You throw a javelin of penetration.
The javelin of penetration misses the adder.
The javelin of penetration pierces through the adder!
You kill the adder!
The javelin of penetration barely misses the iguana.
The javelin of penetration barely misses the orc.
The adder bites you.
The iguana hisses menacingly.
The adder completely misses you.
An orc comes into view. It is wielding a dagger.
Throwing (i - inventory. (/) - cycle)
k - 3 javelins of penetration (quivered)
Press: ? - help, Shift-Dir - straight line, f - orc, p - orc
Aim: an orc, wielding a dagger (hasn't noticed you)
You throw a javelin of penetration.
The javelin of penetration closely misses the adder.
The javelin of penetration completely misses the iguana.
The orc shouts!
The javelin of penetration pierces through the orc!
You kill the orc!
The javelin of penetration closely misses the orc.
The adder closely misses you. The adder barely misses you.
Unknown command.
Throwing (i - inventory. (/) - cycle)
k - 2 javelins of penetration (quivered)
Press: ? - help, Shift-Dir - straight line, f/p - orc
Aim: an orc, wielding a dagger You throw a javelin of penetration.
The javelin of penetration closely misses the adder.
The javelin of penetration barely misses the iguana.
The javelin of penetration pierces through the orc!
You kill the orc!
The adder bites you.
You are poisoned.
The adder poisons you! The adder bites you.
You are more poisoned.
The adder poisons you!
Unknown command.
Throwing (i - inventory. (/) - cycle)
k - a javelin of penetration (quivered)
Press: ? - help, Shift-Dir - straight line, f - iguana
Aim: an iguana You throw a javelin of penetration.
The javelin of penetration completely misses the adder.
The javelin of penetration pierces through the iguana.
The iguana is moderately wounded.
Your talons disappear.
You feel sick. The adder bites you but does no damage.
An orc comes into view. It is wielding a whip.
Throwing (i - inventory)
e - 52 stones (quivered)
Press: ? - help, Shift-Dir - straight line, f - orc, p - iguana
Aim: an orc, wielding a whip (hasn't noticed you)
You throw a stone. The orc shouts!
The stone hits the adder.
You kill the adder!
You have reached level 5!
You feel sick.
Casting: Beastly Appendage (safe; 1% risk of failure)
Confirm with . or Enter, or press ? or * to list all spells.
Your feet morph into talons.
You feel sick. The iguana closely misses you.
You hit the iguana but do no damage.
The iguana is moderately wounded.
You feel sick. The iguana bites you.
You hit the iguana but do no damage. You claw the iguana!
The iguana is almost dead.
You feel sick. The iguana bites you.
* * * LOW HITPOINT WARNING * * *
The iguana bites you!
* * * LOW HITPOINT WARNING * * *
You hit the iguana but do no damage.
The iguana is almost dead.
You feel sick. The iguana bites you!
You die...

#.# #.# ########.#
#.....##.#
####.....##.#######
#.........)........#
#.##.###.....#.######.#
#............#.#
.##@.....#.# #l######.#
#o# #.# #.# #.# #.# #.#
.(# #.# .(# #.# ∆.(#
#.# .(.# #.#


You could see an iguana and an orc.

Vanquished Creatures
  An orc priest (D:3)
  3 gnolls (D:5)
  3 adders (D:3)
  3 dart slugs (D:1)
  A leopard gecko (D:1)
  3 orcs
  5 hobgoblins
  3 kobolds (D:1)
  4 bats
  2 frilled lizards
  4 goblins
  A rat (D:1)
33 creatures vanquished.

Notes
Turn   | Place    | Note
-------+----------+-------------------------------------------
     0 | D:1      | tidbits the Gnoll Wanderer began the quest for the Orb.
     0 | D:1      | tidbits set off with: 2 curare-tipped needles, a +2 blowgun, a +0 mace, a ration, a +0 robe
     0 | D:1      | Reached XP level 1. HP: 23/23 MP: 4/4
   127 | D:1      | Reached skill level 2 in Poison Magic
   127 | D:1      | Reached XP level 2. HP: 26/29 MP: 5/5
   132 | D:1      | Learned a level 1 spell: Beastly Appendage
   349 | D:1      | Reached XP level 3. HP: 32/35 MP: 7/7
   436 | D:3      | Found a sparkling altar of Nemelex Xobeh.
   640 | D:5      | Entered Level 5 of the Dungeon
   648 | D:5      | Reached skill level 1 in Invocations
   649 | D:5      | Reached skill level 1 in Short Blades
   649 | D:5      | Reached skill level 1 in Long Blades
   649 | D:5      | Reached skill level 1 in Axes
   649 | D:5      | Reached skill level 1 in Maces & Flails
   649 | D:5      | Reached skill level 1 in Polearms
   649 | D:5      | Reached skill level 1 in Staves
   649 | D:5      | Reached skill level 1 in Slings
   649 | D:5      | Reached skill level 1 in Bows
   649 | D:5      | Reached skill level 1 in Crossbows
   649 | D:5      | Reached skill level 1 in Armour
   649 | D:5      | Reached skill level 1 in Dodging
   649 | D:5      | Reached skill level 1 in Stealth
   649 | D:5      | Reached skill level 1 in Unarmed Combat
   649 | D:5      | Reached skill level 1 in Evocations
   649 | D:5      | Reached XP level 4. HP: 40/41 MP: 8/8
   728 | D:4      | Found a white marble altar of Elyvilon.
   786 | D:3      | Reached skill level 3 in Spellcasting
   786 | D:3      | Reached skill level 1 in Conjurations
   786 | D:3      | Reached skill level 1 in Hexes
   786 | D:3      | Reached skill level 1 in Charms
   786 | D:3      | Reached skill level 1 in Summonings
   786 | D:3      | Reached skill level 1 in Necromancy
   786 | D:3      | Reached skill level 1 in Translocations
   786 | D:3      | Reached skill level 1 in Fire Magic
   786 | D:3      | Reached skill level 1 in Ice Magic
   786 | D:3      | Reached skill level 1 in Air Magic
   786 | D:3      | Reached skill level 1 in Earth Magic
   794 | D:3      | Reached XP level 5. HP: 32/47 MP: 9/9
   798 | D:3      | Slain by an iguana

Vault maps used:
D:1:      zaba_arrival_water
D:2:      lemuel_coloured_pillars_altar, lemuel_zombie_altar_yredelemnul,
          first_ration
D:3:      nicolae_overflow_hidden_temple, nemelex_altar_shiori
D:4:      black_bear_nest_1, elyvilon_altar_1, minmay_temple_entry_large_hall,
          serial_park_tiny_1, minmay_joined_circles
D:5:      lemuel_doored_altar, uniq_menkaure

Skill      XL: |  1  2  3  4 |
---------------+-------------+-----
Poison Magic   | 2 |  2.3
Invocations    | 1 |  1.4
Short Blades   | 1 |  1.3
Long Blades    | 1 |  1.3
Axes           | 1 |  1.3
Maces & Flails | 1 |  1.3
Polearms       | 1 |  1.3
Staves         | 1 |  1.3
Slings         | 1 |  1.3
Bows           | 1 |  1.3
Crossbows      | 1 |  1.3
Armour         | 1 |  1.3
Dodging        | 1 |  1.3
Stealth        | 1 |  1.3
Unarmed Combat | 1 |  1.3
Evocations     | 1 |  1.3
Spellcasting   | 3 |  3.1
Conjurations   | 1 |  1.0
Hexes          | 1 |  1.0
Charms         | 1 |  1.0
Summonings     | 1 |  1.0
Necromancy     | 1 |  1.0
Translocations | 1 |  1.0
Fire Magic     | 1 |  1.0
Ice Magic      | 1 |  1.0
Air Magic      | 1 |  1.0
Earth Magic    | 1 |  1.0
Fighting       | |  6.6
Throwing       | |  2.8
Shields        | |  2.8
Transmutations | |  5.5

Action                   |  1- 3 |  4- 6 || total
-------------------------+-------+-------++-------
Melee: Mace              |    88 |    10 ||    98
       Bite              |    12 |     2 ||    14
       Headbutt          |     4 |       ||     4
       Kick              |       |     2 ||     2
Throw: Stone             |     6 |     2 ||     8
       Javelin           |     6 |     9 ||    15
 Cast: Beastly Appendage |     9 |     2 ||    11
  Use: Potion            |     1 |       ||     1
 Stab: Sleeping          |     1 |       ||     1
Armor: Robe              |    34 |     1 ||    35
Dodge: Dodged            |    68 |    10 ||    78

Table legend:
 A = Spawn XP
 B = Non-spawn XP
 C = Spawn XP percentage of total XP
 D = Spawn monster count
 E = Non-spawn monster count
 F = Spawn count percentage of total count
 G = Total turns spent on level
                    A         B        C        D         E        F      G
               +---------+---------+-------+---------+---------+-------+---------
         Total |       0 |     176 |   0.0 |       0 |      33 |   0.0 |   798
               +---------+---------+-------+---------+---------+-------+---------
           D:1 |       0 |      38 |   0.0 |       0 |      19 |   0.0 |   384
           D:3 |       0 |      93 |   0.0 |       0 |      10 |   0.0 |   187
           D:5 |       0 |      45 |   0.0 |       0 |       4 |   0.0 |    58
               +---------+---------+-------+---------+---------+-------+---------

Table legend:
 A = Turns spent in this place as a percentage of turns spent in the entire game.
 B = Non-inter-level travel turns spent in this place as a percentage of non-inter-level travel turns spent in the entire game.
 C = Inter-level travel turns spent in this place as a percentage of turns spent in this place.
 D = Turns resting spent in this place as a percentage of non-inter-level travel turns spent in this place.
 E = Turns spent auto-exploring this place as a percentage of non-inter-level travel turns spent in this place.
 F = Non-inter-level travel turns spent in this place divided by the number of levels of this place that you've seen.
                   A       B       C       D       E      F
               +-------+-------+-------+-------+-------+----------------------
         Total | 100.0 | 100.0 |   2.4 |   0.0 |   0.0 | 155.8
       Dungeon | 100.0 | 100.0 |   2.4 |   0.0 |   0.0 | 155.8
               +-------+-------+-------+-------+-------+----------------------

Table legend:
 A = Kills in this place as a percentage of kills in entire the game.
 B = Kills by you in this place as a percentage of kills by you in the entire game.
 C = Kills by friends in this place as a percentage of kills by friends in the entire game.
 D = Other kills in this place as a percentage of other kills in the entire game.
 E = Experience gained in this place as a percentage of experience gained in the entire game.
 F = Experience gained in this place divided by the number of levels of this place that you have seen.
                   A       B       C       D       E      F
               +-------+-------+-------+-------+-------+----------------------
         Total | 100.0 | 100.0 |   N/A |   N/A | 100.0 |  35.2
       Dungeon | 100.0 | 100.0 |   N/A |   N/A | 100.0 |  35.2
               +-------+-------+-------+-------+-------+----------------------

Vault maps used:
D:1:      zaba_arrival_water
D:2:      lemuel_coloured_pillars_altar, lemuel_zombie_altar_yredelemnul,
          first_ration
D:3:      nicolae_overflow_hidden_temple, nemelex_altar_shiori
D:4:      black_bear_nest_1, elyvilon_altar_1, minmay_temple_entry_large_hall,
          serial_park_tiny_1, minmay_joined_circles
D:5:      lemuel_doored_altar, uniq_menkaure
